 Dungeon Crawl Stone Soup version 0.30-a0-779-g7971cf19c3 (webtiles) character file.

Game seed: 9500109448887574931

1706420 Zappman123 the Slayer (level 26, 135/232 HPs)
             Began as a Minotaur Gladiator on Feb 17, 2023.
             Was the Champion of Wu Jian.
             Escaped with the Orb
             ... and 3 runes!
             The game lasted 02:43:19 (67055 turns).

Zappman123 the Slayer (Minotaur Gladiator)         Turns: 67055, Time: 02:43:19

Health: 135/232    AC: 26    Str: 22    XL:     26   Next: 66%
Magic:  22/22      EV: 42    Int:  8    God:    Wu Jian [******]
Gold:   5731       SH: 32    Dex: 30    Spells: 25/25 levels left

rFire   + + .      SeeInvis +    a - +9 double sword (flame)
rCold   + . .      Faith    +    S - +4 tower shield
rNeg    . . .      Spirit   .    d - +3 scale mail of the Trombone {rF+ Dex+5}
rPois   +          Reflect  .    K - +2 hat of Leapfrog {rCorr Int+3 Dex+4}
rElec   +          Harm     .    P - scarf {+Inv}
rCorr   +          Rampage  .    A - +2 pair of gloves
Will    ++...                    F - +2 pair of boots {Stlth+}
Stlth   +                        N - amulet of the Tempest {Faith rPois rC+}
HPRegen 0.58/turn                B - ring of Mysticism {Contam rElec rF+ Will+ EV+5}
MPRegen 0.18/turn                c - ring of see invisible

@: hasted, studying Spellcasting, very quick
A: horns 2, retaliatory headbutt, frail 1, mutation resistance 1, sturdy frame 1
0: Orb of Zot
}: 3/15 runes: decaying, silver, gossamer
a: Renounce Religion, Evoke Invisibility, Wall Jump, Serpent's Lash, Heavenly
Storm


You escaped.
You worshipped Wu Jian.
Wu Jian was exalted by your worship.
You visited 10 branches of the dungeon, and saw 50 of its levels.
You visited the Abyss 1 time.
You also visited: Sewer, Ossuary, Ice Cave and Wizlab.

You collected 10496 gold pieces.
You spent 4765 gold pieces at shops.

Inventory:

Hand Weapons
 a - a +9 double sword of flaming (weapon)
Missiles
 e - 6 silver javelins (quivered)
 C - a curare-tipped dart
Armour
 d - the +3 scale mail of the Trombone (worn) {rF+ Dex+5}
   (You found it on level 3 of the Crypt)

   Dex:       It affects your dexterity (+5).
   rF:        It protects you from fire.
 A - a +2 pair of gloves (worn)
 F - a +2 pair of boots of stealth (worn)
 K - the +2 hat of Leapfrog (worn) {rCorr Int+3 Dex+4}
   (You acquired it on level 4 of the Vaults)

   Int:       It affects your intelligence (+3).
   Dex:       It affects your dexterity (+4).
   rCorr:     It protects you from acid and corrosion.
 P - a scarf of invisibility (worn)
 S - a +4 tower shield (worn)
Jewellery
 c - a ring of see invisible (right hand)
 f - a ring of willpower
 h - a ring of flight
 y - the ring of the Tortoise {AC+8}
   (You bought it in a shop on level 2 of the Orcish Mines)

   [ring of protection]

   AC:        It affects your AC (+8).
 B - the ring of Mysticism (left hand) {Contam rElec rF+ Will+ EV+5}
   (You took it off a deep elf elementalist on level 3 of the Elven Halls)

   [ring of evasion]

   EV:        It affects your evasion (+5).
   rF:        It protects you from fire.
   rElec:     It insulates you from electricity.
   Contam:    It causes magical contamination when unequipped.
   Will:      It increases your willpower.
 N - an amulet of the Tempest (around neck) {Faith rPois rC+}
   (You bought it in a shop on level 11 of the Dungeon)

   [amulet of faith]

   It allows you to gain divine favour quickly.
   rC:        It protects you from cold.
   rPois:     It protects you from poison.
Wands
 s - a wand of roots (8)
 E - a wand of paralysis (17)
 L - a wand of light (32)
 Q - a wand of digging (26)
 X - a wand of mindburst (28)
Scrolls
 g - 13 scrolls of teleportation
 l - 4 scrolls of fear
 o - a scroll of magic mapping
 r - 3 scrolls of torment
 x - 2 scrolls of brand weapon
 H - a scroll of poison
 I - 2 scrolls of immolation
 O - 4 scrolls of blinking
 T - 6 scrolls of fog
 W - 7 scrolls of vulnerability
 Y - 2 scrolls of silence
Potions
 b - 6 potions of magic
 i - 24 potions of curing
 n - 20 potions of ambrosia
 p - a potion of berserk rage
 t - 6 potions of heal wounds
 u - 7 potions of mutation
 w - 5 potions of flight
 D - 2 potions of haste
 G - 3 potions of resistance
 J - 2 potions of invisibility
 M - 4 potions of cancellation
 R - 5 potions of might
Miscellaneous
 j - a lightning rod (4/4)
 k - a tin of tremorstones (2/2)
 m - a condenser vane
 q - a phantom mirror
 v - a box of beasts
 z - a phial of floods


   Skills:
 + Level 25.1 Fighting
 - Level 24.0 Long Blades
 - Level 2.2 Throwing
 + Level 25.1 Armour
 + Level 24.9 Dodging
 + Level 25.1 Shields
 - Level 14.0 Evocations


You had 25 spell levels left.
You didn't know any spells.
Your spell library contained the following spells:

 Spells                   Type           Power      Damage    Failure   Level
 Apportation              Tloc           0%         N/A       56%         1
 Beastly Appendage        Tmut           0%         N/A       56%         1
 Foxfire                  Conj/Fire      0%         2x1d4     56%         1
 Freeze                   Ice            0%         1d3       56%         1
 Magic Dart               Conj           0%         1d3       56%         1
 Necrotise                Necr           0%         1d4       56%         1
 Shock                    Conj/Air       0%         1d3       56%         1
 Slow                     Hex            0%         N/A       56%         1
 Summon Small Mammal      Summ           0%         N/A       56%         1
 Blink                    Tloc           0%         N/A       71%         2
 Call Imp                 Summ           0%         N/A       71%         2
 Cigotuvi's Dreadful Rot  Necr/Pois/Air  0%         N/A       71%         2
 Ensorcelled Hibernation  Hex/Ice        0%         N/A       71%         2
 Scorch                   Fire           0%         2d5       71%         2
 Searing Ray              Conj           0%         2d4       71%         2
 Static Discharge         Conj/Air       0%         2-2/arc   71%         2
 Wereblood                Tmut           0%         N/A       71%         2
 Call Canine Familiar     Summ           0%         N/A       91%         3
 Confusing Touch          Hex            0%         N/A       91%         3
 Frozen Ramparts          Ice            0%         1d1       91%         3
 Gell's Gravitas          Tloc           0%         N/A       91%         3
 Hailstorm                Conj/Ice       0%         3d3       91%         3
 Inner Flame              Hex/Fire       0%         N/A       91%         3
 Mephitic Cloud           Conj/Pois/Air  0%         N/A       91%         3
 Portal Projectile        Hex/Tloc       0%         N/A       91%         3
 Spider Form              Tmut/Pois      0%         N/A       91%         3
 Summon Guardian Golem    Hex/Summ       0%         N/A       91%         3
 Swiftness                Air            0%         N/A       91%         3
 Teleport Other           Tloc           0%         N/A       91%         3
 Tukima's Dance           Hex            0%         N/A       91%         3
 Vampiric Draining        Necr           0%         2d6       91%         3
 Vhi's Electric Charge    Tloc/Air       0%         N/A       91%         3
 Airstrike                Air            0%         2d(0-16)  100%        4
 Anguish                  Hex/Necr       0%         N/A       100%        4
 Animate Armour           Summ/Erth      0%         N/A       100%        4
 Dispel Undead            Necr           0%         3d6       100%        4
 Flame Wave               Conj/Fire      0%         2d4       100%        4
 Fulminant Prism          Conj/Hex       0%         3d5       100%        4
 Ice Form                 Ice/Tmut       0%         N/A       100%        4
 Leda's Liquefaction      Hex/Erth       0%         N/A       100%        4
 Manifold Assault         Tloc           0%         N/A       100%        4
 Petrify                  Tmut/Erth      0%         N/A       100%        4
 Sticky Flame             Conj/Fire      0%         2d3       100%        4
 Summon Ice Beast         Ice/Summ       0%         N/A       100%        4
 Summon Lightning Spire   Summ/Air       0%         N/A       100%        4
 Arcjolt                  Conj/Air       0%         1d10      100%        5
 Blade Hands              Tmut           0%         N/A       100%        5
 Fireball                 Conj/Fire      0%         3d3       100%        5
 Freezing Cloud           Conj/Ice/Air   0%         6-21      100%        5
 Iskenderun's Battlesphe  Conj           0%         2d6       100%        5
 Lee's Rapid Deconstruct  Erth           0%         3d4*      100%        5
 Lightning Bolt           Conj/Air       0%         1d11      100%        5
 Metabolic Englaciation   Hex/Ice        0%         N/A       100%        5
 Summon Forest            Summ/Tloc      0%         N/A       100%        5
 Summon Mana Viper        Hex/Summ       0%         N/A       100%        5
 Yara's Violent Unravell  Hex/Tmut       0%         3d3       100%        5
 Death Channel            Necr           0%         N/A       100%        6
 Dispersal                Tloc           0%         N/A       100%        6
 Iron Shot                Conj/Erth      0%         9d1       100%        6
 Simulacrum               Ice/Necr       0%         N/A       100%        6
 Starburst                Conj/Fire      0%         6d3       100%        6
 Statue Form              Tmut/Erth      0%         N/A       100%        6
 Summon Cactus Giant      Summ           0%         N/A       100%        6
 Enfeeble                 Hex            0%         N/A       100%        7
 Monstrous Menagerie      Summ           0%         N/A       100%        7
 Orb of Destruction       Conj           0%         9d5       100%        7
 Spellforged Servitor     Conj/Summ      0%         N/A       100%        7
 Storm Form               Tmut/Air       0%         N/A       100%        7
 Borgnjor's Revivificati  Necr           0%         N/A       100%        8
 Disjunction              Tloc           0%         N/A       100%        8
 Maxwell's Capacitive Co  Air            0%         ∞         100%        8
 Necromutation            Tmut/Necr      0%         N/A       100%        8
 Death's Door             Necr           0%         N/A       100%        9
 Polar Vortex             Ice            0%         N/A       100%        9


Dungeon Overview and Level Annotations

Branches:
Dungeon (15/15)            Temple (0/1) D:5            Lair (5/5) D:10
  Swamp (4/4) Lair:2       Spider (4/4) Lair:3        Slime (0/5) Lair:5
    Orc (2/2) D:12            Elf (3/3) Orc:2        Vaults (5/5) D:14
  Crypt (3/3) Vaults:2       Tomb (0/3) Crypt:3      Depths (4/4) D:15
    Zot (5/5) Depths:4      Sewer (visited)         Ossuary (visited)
  IceCv (visited)          WizLab (visited)

Altars:
Dithmenos
Elyvilon
Fedhas
Makhleb
Nemelex Xobeh
Sif Muna
Trog
Wu Jian
Xom
Yredelemnul
The Shining One
Jiyva

Shops:
D:4 *   D:10 :   D:11 ==?(?   Orc:2 =[([   Elf:1 =(=   Zot:1 *   Depths:1 ?
Depths:3 (

Portals:
Hell: Depths:1 Depths:2 Depths:3 Depths:4
Abyss: Depths:1 Depths:3
Pandemonium: Depths:2 Depths:3
Ziggurat: Depths:2
Trove: Depths:3 (show abyssal rune of Zot)

Annotations:
D:7 1 runed translucent door, Crazy Yiuf
D:8 1 runed translucent door, LowRida's ghost, novice VSCj
D:11 exclusions: downstairs and 6 more exclusions
Lair:5 exclusion: 4 oklob plants
Swamp:1 3 runed translucent doors, Jib19100's ghost, journeyman MiBe
Elf:1 6 runed translucent doors
Zot:1 exclusion: downstairs
Zot:3 exclusion: downstairs
Zot:5 1 exclusion


Innate Abilities, Weirdness & Mutations

You have a pair of horns on your head.
You reflexively headbutt those who attack you in melee.
You are frail. (-10% HP)
You are somewhat resistant to further mutation.
Your movements are slightly less encumbered by armour. (ER -2)


Message History

* * * LOW HITPOINT WARNING * * *
You take 112 damage, and have 117/232 hp.
Unknown command.
Unknown command.
Unknown command.
You feel yourself speed up.
Aiming: Dig
Press: ? - help, Shift-Dir - straight line A rock wall.
This square is covered in magical glow.
The rock shatters into small pieces.
As you read the scroll of fog, it crumbles to dust.
The scroll dissolves into smoke.
You enter the shallow water.
Moving in this stuff is going to be slow.
There is a stone staircase leading up here.
(D) Dungeon (T) Temple (L) Lair (S) Swamp (N) Spider Nest (M) Slime Pits (O) Orcish Mines (E) Elven Halls (V) Vaults (C) Crypt (W) Tomb (U) Depths (H) Hell (Z) Zot
Where to? (Enter - D:1, ? - help)
What level of the Dungeon? (default 1, ? - help)
You climb upwards.
There is a stone staircase leading down here.
Unknown command.
Aiming: Dig
Press: ? - help, Shift-Dir - straight line A rock wall.
This square is covered in magical glow.
The rock shatters into small pieces.
Hit: a) +9 double sword (flame)
Press: ? - help, Dir - move target, f - you
Okay, then.
Aiming: Dig
Press: ? - help, Shift-Dir - straight line A rock wall.
This square is covered in magical glow.
The rock shatters into small pieces.
There is a staircase leading out of the dungeon here.
You have escaped!

## #...####.## #.#
## # #.......#.# #.#
#. # #...####.## #.#
#. ## ##.## ### ###
#.###### #. .##
#.#### #.# #......#
##.
..#####....#######.#
######.# #..
.##.....##.........#
#.####.
##...#####.........#
#...... ##...'##
#......@..# #######
.....#.###.....>...#
#
##.>.##.##+#######.#
#
##...###>.########.#
##### #
########'#..##...#.#
#...# #
##.......###.'...#.#
#...# # ##.......#
###...#.#
####...#####
##.......# #...#.#
#...........
##.......# #####.#
#...........


There were no monsters in sight!

Vanquished Creatures
  4 dread liches
  6 ancient liches
  4 orbs of fire
  9 Killer Klowns
  Bai Suzhen (Swamp:3)
  Xtahua (Crypt:2)
  Saint Roka (Elf:2)
  A curse toe (Zot:3)
  9 golden dragons
  the Enchantress (Depths:4)
  Arachne (Spider:2)
  A Tzitzimitl (Zot:5)
  A bone dragon (Vaults:2)
  3 electric golems
  Rupert (D:15)
  21 tentacled monstrosities
  The ghost of Hirrip the Warrior, an adept HuFi of Xom (Spider:3)
  An Ice Fiend (Zot:4)
  A walking earthen tome (Depths:3)
  3 titans
  A deep elf blademaster (Elf:3)
  A lich (Zot:3)
  26 Orb Guardians (Zot:5)
  3 quicksilver dragons
  3 deep elf master archers (Elf:3)
  3 death cobs
  A tentacled starspawn (Abyss:2)
  6 shadow dragons
  9 ancient champions
  Gastronok (Lair:2)
  3 thorn hunters (Swamp:4)
  An Executioner (Depths:3)
  5 sphinxes
  Donald (Orc:2)
  3 draconian monks
  13 storm dragons
  5 tengu reavers
  3 fenstrider witches
  4 revenants
  10 draconian knights
  6 fire giants
  17 vault wardens
  9 ghost moths
  12 deep elf sorcerers
  9 frost giants
  8 emperor scorpions
  7 orc warlords
  2 iron dragons (Vaults:5)
  A juggernaut zombie (WizLab)
  A balrug (Depths:2)
  A shard shrike simulacrum (Crypt:3)
  2 deep elf elementalists (Elf:3)
  A spectral caustic shrike (Crypt:3)
  A curse skull (Crypt:3)
  6 ghouls
  4 draconian shifters
  5 draconian scorchers
  A caustic shrike skeleton (Crypt:2)
  3 draconian stormcallers
  16 ironbound preservers
  4 draconian annihilators
  12 stone giants
  3 spriggan defenders (Depths:4)
  7 ironbound thunderhulks
  4 war gargoyles
  26 very ugly things
  4 broodmothers
  6 deep elf demonologists
  8 green draconians
  A lorocyproca (D:4)
  11 vampire knights
  Azrael (Orc:1)
  7 black draconians
  A spectral titan (Crypt:3)
  2 bunyips (Swamp:4)
  6 eleionomae
  5 white draconians
  15 spark wasps
  11 eidola
  17 purple draconians
  17 ettins
  Snorg (Orc:2)
  10 deep elf annihilators
  6 deep elf death magi
  5 spectral quicksilver dragons (Crypt:3)
  A green death (Depths:2)
  13 yellow draconians
  2 dire elephants (Vaults:1)
  9 red draconians
  6 jiangshi
  11 fire dragons
  3 mummy priests (WizLab)
  A merfolk impaler (Depths:3)
  3 spectral spriggans (Crypt:3)
  15 yaktaur captains
  5 entropy weavers
  5 great orbs of eyes
  8 ice dragons
  12 rakshasas
  5 spriggan air magi
  7 deep elf high priests
  Harold (Orc:1)
  36 vault guards
  19 hydras
  2 hell beasts
  2 spectral shadow dragons (Crypt:3)
  8 ironbound frosthearts
  A peacekeeper (Vaults:3)
  2 catoblepae
  2 ogre magi (Vaults:5)
  3 jorogumos
  18 centaur warriors
  6 radroaches
  9 boulder beetles
  2 death knights
  An anaconda (Swamp:2)
  8 two-headed ogres
  3 ghost crabs
  18 death yaks
  11 alligators
  9 tengu warriors
  6 vampire magi
  Urug (D:11)
  14 deep troll shamans
  24 dancing weapons
  13 orc high priests
  4 deep troll earth magi
  8 spriggan berserkers
  3 spectral storm dragons (Crypt:3)
  12 deep elf knights
  8 hell knights
  4 sun demons
  A salamander mystic (Depths:4)
  2 soul eaters (Depths:4)
  4 iron trolls
  A skyshark (shapeshifter) (Vaults:5)
  Amaemon (Lair:3)
  8 pharaoh ants
  A spectral bunyip (Crypt:3)
  6 goliath frogs
  8 shadow wraiths
  A spark wasp zombie (WizLab)
  33 skeletal warriors
  A spectral anaconda (Crypt:3)
  6 orb spiders
  3 sun moths
  A glowing orange brain (shapeshifter) (Depths:3)
  6 glowing orange brains
  19 ironbound convokers
  A swamp dragon (shapeshifter) (Vaults:5)
  7 bog bodies
  53 deep trolls
  A skyshark (Lair:3)
  A spectral hydra (Crypt:3)
  7 spriggan druids
  9 swamp dragons
  9 lindwurms
  A lindwurm (shapeshifter) (Zot:3)
  10 flayed ghosts
  A spriggan simulacrum (Crypt:3)
  11 steelbarb worms
  13 deep elf zephyrmancers
  5 necromancers
  12 deep elf archers
  21 phantasmal warriors
  27 deep elf pyromancers
  11 wizards
  19 orc knights
  4 harpies
  9 orc sorcerers
  An oklob plant (Lair:4)
  A goliath frog zombie (Crypt:3)
  A frost giant zombie (WizLab)
  45 ugly things
  A faun (shapeshifter) (Vaults:2)
  3 fire giant zombies
  A cyclops (shapeshifter) (Vaults:4)
  A salamander (shapeshifter) (D:15)
  3 salamanders (Depths:4)
  12 wolf spiders
  15 elephants
  5 manticores
  A shining eye (shapeshifter) (Zot:3)
  A shadow dragon skeleton (Crypt:1)
  A moth of wrath (shapeshifter) (Depths:3)
  A spectral centaur (Crypt:3)
  14 moths of wrath
  4 cyclopes
  An alligator snapping turtle zombie (Crypt:3)
  A shock serpent zombie (Crypt:1)
  9 black mambas
  11 vault sentinels
  Joseph (D:7)
  5 torpor snails
  8 demonic crawlers
  2 orange demons
  2 smoke demons (Zot:1)
  A centaur zombie (D:15)
  A spriggan zombie (WizLab)
  A gargoyle (D:12)
  10 cane toads
  A centaur skeleton (D:15)
  A kobold demonologist (D:8)
  38 yaktaurs
  A purple draconian zombie (Crypt:1)
  An efreet (D:11)
  7 komodo dragons
  A rime drake (shapeshifter) (D:13)
  11 freezing wraiths
  2 spectral nagas (Crypt:3)
  6 tengu conjurers
  A bunyip simulacrum (Crypt:3)
  5 guardian mummies
  2 green draconian skeletons (Crypt:2)
  A red devil (Depths:2)
  3 spectral harpies (Crypt:3)
  A grey draconian skeleton (Crypt:1)
  A death yak skeleton (Crypt:2)
  16 trolls
  3 polar bears
  A queen bee (Spider:4)
  3 merfolk
  A hellwing (Zot:1)
  7 meliai (Spider:4)
  10 hornets
  Grinder (D:3)
  A shadow dragon simulacrum (Crypt:3)
  25 tarantellas
  7 tyrant leeches
  6 dream sheep
  A hydra skeleton (Crypt:1)
  14 blink frogs
  A fire dragon zombie (WizLab)
  A deep troll zombie (WizLab)
  An iron dragon simulacrum (Crypt:3)
  38 jumping spiders
  13 slime creatures
  24 culicivoras
  A snapping turtle (shapeshifter) (D:14)
  10 spriggans
  4 flying skulls (Crypt:1)
  2 shadows
  3 wyverns
  2 air elementals
  5 wraiths
  17 water elementals
  A vampire (D:10)
  54 yaks
  A basilisk (Lair:3)
  6 fire elementals
  6 vampire mosquitoes
  47 redbacks
  2 redbacks (shapeshifter) (Vaults:5)
  2 neqoxecs (Depths:2)
  A harpy simulacrum (D:15)
  A redback simulacrum (D:15)
  17 wargs
  A glowing shapeshifter zombie (WizLab)
  18 swamp worms
  Menkaure (D:6)
  An acid dragon (D:12)
  A tengu zombie (WizLab)
  A hell hound (Orc:1)
  16 water moccasins
  Duvessa (D:6)
  3 floating eyes
  A meliai simulacrum (D:14)
  68 orc warriors
  5 black bears
  An ice beast (D:6)
  3 sky beasts
  18 swamp drakes
  26 wolves
  11 ogres
  8 centaurs
  A phantom (D:5)
  A lindwurm skeleton (Crypt:3)
  A blink frog skeleton (Crypt:3)
  3 kobold brigands
  A fire crab zombie (Crypt:2)
  Blork the orc (D:4)
  11 bullfrogs
  A yaktaur zombie (Crypt:1)
  A komodo dragon skeleton (Crypt:3)
  4 earth elementals
  A gnoll sergeant (D:12)
  3 necrophages
  A vine stalker zombie (Crypt:1)
  3 scorpions
  5 wights (D:9)
  Dowan (D:6)
  2 small abominations (Abyss:2)
  A polar bear zombie (Crypt:2)
  38 killer bees
  An electric eel (D:9)
  8 howler monkeys
  A troll skeleton (Crypt:3)
  A bullfrog zombie (Crypt:2)
  5 jellies
  48 orc priests
  3 hounds
  A gnoll bouda (D:7)
  An iguana (D:6)
  Ijyb (D:3)
  14 orc wizards
  An acid dragon skeleton (Crypt:2)
  A hound zombie (Crypt:1)
  9 mummies
  9 gnolls
  2 river rats (D:3)
  6 adders
  A steam dragon skeleton (Crypt:3)
  An ufetubus (D:5)
  An adder skeleton (Crypt:2)
  7 worms
  6 dart slugs
  127 orcs
  7 bats
  9 endoplasms
  4 giant cockroaches
  A gnoll zombie (Ossuary)
  9 goblins
  5 hobgoblins
  3 jackals (D:3)
  4 quokkas
  5 ball pythons
  A hobgoblin zombie (Ossuary)
  18 kobolds
  3 kobold zombies (Ossuary)
  3 orc zombies (Ossuary)
  7 rats
2374 creatures vanquished.

Vanquished Creatures (collateral kills)
  A fire giant (Vaults:5)
  A bog body (Swamp:4)
  A yaktaur (Vaults:4)
3 creatures vanquished.

Vanquished Creatures (others)
  A draconian annihilator (Depths:4)
  A hell knight (Vaults:5)
  3 wizards
  A will-o-the-wisp (Swamp:3)
  3 bloated husks
  A glowing shapeshifter zombie (WizLab)
  2 orcs
  26 fungi
  77 plants
  2 starspawn tentacles (Abyss:2)
  5 withered plants
122 creatures vanquished.

Grand Total: 2499 creatures vanquished

Notes
Turn   | Place    | Note
-------+----------+-------------------------------------------
     0 | D:1      | Zappman123 the Minotaur Gladiator began the quest for the
                  | Orb.
     0 | D:1      | Reached XP level 1. HP: 18/18 MP: 0/0
   190 | D:1      | Reached XP level 2. HP: 25/25 MP: 1/1
   523 | D:1      | Reached XP level 3. HP: 27/30 MP: 2/2
   566 | D:1      | Reached skill level 5 in Long Blades
  1324 | D:2      | Found a faded altar of an unknown god.
  1342 | D:2      | Reached XP level 4. HP: 36/37 MP: 3/3
  1684 | D:3      | Found a glowing drain.
  1702 | Sewer    | Entered a sewer
  1707 | Sewer    | Reached skill level 1 in Armour
  1722 | Sewer    | Noticed a water moccasin
  1735 | Sewer    | Killed a water moccasin
  1736 | Sewer    | Reached XP level 5. HP: 30/45 MP: 4/4
  1918 | D:3      | Found an ornate altar of the Wu Jian Council.
  1970 | D:3      | Became a worshipper of the Wu Jian Council
  2050 | D:3      | You fall into a shaft and drop 3 floors!
  2065 | D:6      | Noticed an ice beast
  2075 | D:6      | Killed an ice beast
  2076 | D:6      | Reached XP level 6. HP: 47/52 MP: 5/5
  2264 | D:6      | Found a bloodstained altar of Trog.
  2400 | D:5      | Entered Level 5 of the Dungeon
  2461 | D:5      | Found a shimmering blue altar of Sif Muna.
  2471 | D:5      | Reached XP level 7. HP: 49/60 MP: 6/6
  2584 | D:5      | Reached skill level 5 in Dodging
  2929 | D:5      | Reached skill level 5 in Fighting
  3032 | D:3      | Reached * piety under Wu Jian
  3057 | D:3      | Noticed Ijyb
  3063 | D:3      | Killed Ijyb
  3115 | D:3      | Noticed Grinder
  3122 | D:3      | Paralysed by Grinder for 3 turns
  3129 | D:3      | Killed Grinder
  3130 | D:3      | Reached XP level 8. HP: 62/70 MP: 7/7
  3455 | D:3      | Reached skill level 5 in Armour
  3532 | D:4      | Noticed Blork the orc
  3545 | D:4      | Killed Blork the orc
  3760 | D:4      | Found Naupobb's Elemental Accessories.
  4202 | D:5      | Found a staircase to the Ecumenical Temple.
  4566 | D:6      | Noticed Duvessa
  4566 | D:6      | Noticed Dowan
  4580 | D:6      | Killed Duvessa
  4581 | D:6      | Killed Dowan
  4755 | D:6      | Found a white marble altar of Elyvilon.
  4921 | D:6      | Noticed Menkaure
  4926 | D:6      | Killed Menkaure
  4926 | D:6      | Reached ** piety under Wu Jian
  4927 | D:6      | Reached XP level 9. HP: 78/78 MP: 8/8
  5224 | D:7      | Noticed Joseph
  5231 | D:7      | Killed Joseph
  5286 | D:7      | Found a sand-covered staircase.
  5296 | Ossuary  | Entered an ossuary
  6309 | D:7      | Found a runed translucent door.
  6310 | D:7      | Noticed Crazy Yiuf
  6352 | D:8      | Found a basalt altar of Yredelemnul.
  6422 | D:8      | Noticed a troll
  6441 | D:8      | Killed a troll
  6693 | D:8      | Reached *** piety under Wu Jian
  6744 | D:8      | Found a burning altar of Makhleb.
  6978 | D:8      | Reached XP level 10. HP: 81/88 MP: 9/9
  7077 | D:8      | Gained mutation: Your body sometimes deteriorates upon
                  | taking damage. [a neqoxec]
  7101 | D:8      | Found a shimmering altar of Xom.
  7144 | D:8      | Found a blossoming altar of Fedhas.
  7217 | D:8      | Reached skill level 10 in Long Blades
  7291 | D:8      | Reached skill level 10 in Armour
  7465 | D:8      | Found a runed translucent door.
  7467 | D:8      | Noticed LowRida's ghost (novice VSCj)
  7467 | D:8      | Noticed an ogre mage
  7789 | D:9      | Noticed a brown ugly thing
  7796 | D:9      | Killed a brown ugly thing
  8287 | D:9      | Reached **** piety under Wu Jian
  8550 | D:10     | Entered Level 10 of the Dungeon
  8742 | D:10     | Noticed a two-headed ogre
  8754 | D:10     | Killed a two-headed ogre
  8755 | D:10     | Reached skill level 10 in Fighting
  8795 | D:9      | Reached XP level 11. HP: 89/99 MP: 10/10
  8840 | D:10     | Identified the +5 spear of Qogg {venom, rC+}
  8885 | D:10     | Identified the +8 mace "Kiobrariru" {protect, rElec Int+4}
  8899 | D:10     | Identified the ring "Mouloyh" {rF+ rN++ Str+3}
  9174 | D:10     | Found a staircase to the Lair.
  9268 | D:10     | Found Hutacut's Tremendous Tomes.
  9557 | D:11     | Noticed Urug
  9569 | D:11     | Killed Urug
  9583 | D:11     | Found Vyxt's Jewellery Shoppe.
  9586 | D:11     | Noticed a two-headed ogre
  9603 | D:11     | Killed a two-headed ogre
  9611 | D:11     | Bought an amulet of the Catamount {Faith +Blink} for 810
                  | gold pieces
  9627 | D:11     | Found a shadowy altar of Dithmenos.
  9664 | D:11     | Found Somoz's Magic Scroll Emporium.
  9672 | D:11     | Bought a scroll of blinking for 120 gold pieces
  9693 | D:11     | Reached ***** piety under Wu Jian
  9694 | D:11     | Reached skill level 1 in Evocations
  9769 | D:11     | Found Cusufumo's Weapon Emporium.
  9888 | D:11     | Found Kaeskane's Jewellery Emporium.
  9909 | D:11     | Noticed a two-headed ogre
  9915 | D:11     | Killed a two-headed ogre
  9922 | D:11     | Found a frozen archway.
  9930 | IceCv    | Entered an ice cave
 10138 | D:11     | Found Nusir's Magic Scroll Emporium.
 10403 | Lair:1   | Entered Level 1 of the Lair of Beasts
 10624 | Lair:1   | Reached skill level 5 in Evocations
 10651 | Lair:1   | Reached XP level 12. HP: 112/112 MP: 11/11
 11176 | Lair:2   | Noticed Gastronok
 11457 | Lair:2   | Found a staircase to the Swamp.
 11756 | Lair:3   | Noticed a death yak
 11761 | Lair:3   | Noticed a death yak
 11764 | Lair:3   | Noticed a death yak
 11766 | Lair:3   | Noticed a death yak
 11768 | Lair:3   | Noticed a death yak
 11774 | Lair:3   | Killed a death yak
 11775 | Lair:3   | Killed a death yak
 11776 | Lair:3   | Killed a death yak
 11780 | Lair:3   | Killed a death yak
 11784 | Lair:3   | Killed a death yak
 11785 | Lair:3   | Reached skill level 10 in Dodging
 12013 | Lair:3   | Noticed a boulder beetle
 12033 | Lair:3   | Killed a boulder beetle
 12183 | Lair:3   | Noticed Amaemon
 12292 | Lair:3   | Noticed Nessos
 12301 | Lair:3   | Nessos changed into Nessos the redback
 12301 | Lair:3   | Noticed Nessos
 12304 | Lair:3   | Killed Nessos the redback
 12370 | Lair:3   | Reached XP level 13. HP: 121/123 MP: 12/12
 12430 | Lair:3   | Killed Amaemon
 12541 | Lair:3   | Found a hole to the Spider Nest.
 13024 | Lair:2   | Killed Gastronok
 13025 | Lair:2   | Reached skill level 15 in Fighting
 14065 | Lair:4   | You fall into a shaft and drop 1 floor!
 14065 | Lair:5   | Entered Level 5 of the Lair of Beasts
 14582 | Lair:5   | Identified the +5 whip "Rarayd" {drain, Fragile rF+++ rC+++
                  | Int-4}
 14763 | Lair:5   | Reached skill level 15 in Dodging
 14827 | Lair:5   | Reached XP level 14. HP: 135/135 MP: 13/13
 14935 | Lair:5   | Found a staircase to the Slime Pits.
 15409 | Lair:5   | Identified the amulet of Xecheanang {Reflect Str+6 SH+5}
 15574 | Lair:5   | Found a viscous altar of Jiyva.
 16046 | D:12     | Found a staircase to the Orcish Mines.
 17012 | D:13     | Reached skill level 1 in Shields
 17859 | D:14     | Found Etydoza's Antique Armour Emporium.
 18235 | Abyss:2  | Cast into level 2 of the Abyss (a wizard)
 18277 | Abyss:2  | Noticed a tentacled starspawn
 18286 | Abyss:2  | Killed a tentacled starspawn
 18301 | Abyss:2  | Reached skill level 5 in Shields
 18318 | D:14     | Escaped the Abyss
 18334 | D:14     | Reached XP level 15. HP: 140/147 MP: 14/14
 18336 | D:14     | Found a gate to the Vaults.
 18645 | D:15     | Entered Level 15 of the Dungeon
 19025 | D:15     | Found a staircase to the Depths.
 19310 | D:15     | Noticed Rupert
 19436 | Orc:1    | Entered Level 1 of the Orcish Mines
 19620 | Orc:1    | Noticed Harold
 19634 | Orc:1    | Killed Harold
 20033 | Orc:1    | Lost mutation: Your body sometimes deteriorates upon taking
                  | damage. [potion of mutation]
 20033 | Orc:1    | Gained mutation: You are agile. (Dex +4, Str/Int -1)
                  | [potion of mutation]
 20033 | Orc:1    | Gained mutation: Your magical capacity is low. (-10% MP)
                  | [potion of mutation]
 20033 | Orc:1    | Gained mutation: You are weak. (Str -2) [potion of
                  | mutation]
 20050 | Orc:2    | Entered Level 2 of the Orcish Mines
 20050 | Orc:2    | Noticed Azrael
 20096 | Orc:1    | Killed Azrael
 20168 | Orc:2    | Noticed Donald
 20179 | Orc:2    | Killed Donald
 20397 | Orc:2    | Found a staircase to the Elven Halls.
 20440 | Orc:2    | Reached ****** piety under Wu Jian
 20442 | Orc:2    | Noticed Snorg
 20452 | Orc:2    | Killed Snorg
 20647 | Orc:2    | Reached skill level 10 in Shields
 20772 | Orc:2    | Found Uristriu's Weapon Shoppe.
 20772 | Orc:2    | Found Vumeatumm's Antique Armour Boutique.
 20925 | Orc:2    | Identified the +7 halberd of Sefaqem {flame, Str+4 Int-3
                  | Dex+3}
 21011 | Orc:2    | Bought a pair of runed gloves for 187 gold pieces
 21061 | Orc:2    | Found Ethyschown's Jewellery Shoppe.
 21061 | Orc:2    | Found Resk's Antique Armour Boutique.
 21096 | Orc:2    | Bought a pair of runed boots for 210 gold pieces
 21473 | Swamp:1  | Entered Level 1 of the Swamp
 21473 | Swamp:1  | You are sucked into a shaft and drop 1 floor!
 21579 | Swamp:1  | Reached XP level 16. HP: 138/157 MP: 13/13
 21765 | Swamp:1  | Found a runed translucent gate.
 21766 | Swamp:1  | Found a runed translucent gate.
 21767 | Swamp:1  | Found a runed translucent gate.
 21780 | Swamp:1  | Noticed Jib19100's ghost (journeyman MiBe)
 23235 | Swamp:3  | Noticed Bai Suzhen
 23246 | Swamp:3  | Killed Bai Suzhen
 23337 | Swamp:3  | Reached skill level 15 in Armour
 23757 | Swamp:4  | Entered Level 4 of the Swamp
 23973 | Swamp:4  | Reached skill level 15 in Shields
 24571 | Swamp:4  | Noticed a thorn hunter
 24586 | Swamp:4  | Killed a thorn hunter
 24632 | Swamp:4  | Reached XP level 17. HP: 162/163 MP: 14/14
 25192 | Swamp:4  | Got a decaying rune of Zot
 25670 | Spider:1 | Entered Level 1 of the Spider Nest
 26569 | Spider:2 | Identified the +10 dagger of Yesterday {flame, Str+3 Int+3}
 26893 | Spider:2 | Noticed Arachne
 26905 | Spider:2 | Killed Arachne
 27645 | Orc:2    | Bought the ring of the Tortoise {AC+8} for 1792 gold pieces
 27645 | Orc:2    | Found the ring of the Tortoise {AC+8}
 29176 | Spider:3 | Found a runed translucent door.
 29183 | Spider:3 | Noticed Hirrip's ghost (adept HuFi)
 29724 | Spider:3 | Reached skill level 15 in Long Blades
 29774 | Spider:3 | Reached XP level 18. HP: 173/173 MP: 15/15
 30176 | Spider:3 | Killed Hirrip's ghost
 30304 | Spider:4 | Entered Level 4 of the Spider Nest
 32085 | Spider:4 | Identified the +5 trident of Honour {antimagic, Str+3
                  | Dex+3}
 32091 | Spider:4 | Got a gossamer rune of Zot
 32254 | Spider:4 | Lost mutation: You are agile. (Dex +4, Str/Int -1) [potion
                  | of mutation]
 32254 | Spider:4 | Lost mutation: You are weak. (Str -2) [potion of mutation]
 32254 | Spider:4 | Gained mutation: You occasionally lose the ability to read
                  | scrolls when taking damage. [potion of mutation]
 32254 | Spider:4 | Gained mutation: You sometimes lose your temper in combat.
                  | [potion of mutation]
 32255 | Spider:4 | Lost mutation: You sometimes lose your temper in combat.
                  | [potion of mutation]
 32255 | Spider:4 | Lost mutation: You occasionally lose the ability to read
                  | scrolls when taking damage. [potion of mutation]
 32255 | Spider:4 | Lost mutation: Your magical capacity is low. (-10% MP)
                  | [potion of mutation]
 32255 | Spider:4 | Gained mutation: You sometimes lose your temper in combat.
                  | [potion of mutation]
 32255 | Spider:4 | Gained mutation: Your movements are slightly less
                  | encumbered by armour. (ER -2) [potion of mutation]
 32255 | Spider:4 | Gained mutation: You are covered in fur. (AC +1) [potion of
                  | mutation]
 32256 | Spider:4 | Lost mutation: You are covered in fur. (AC +1) [potion of
                  | mutation]
 32256 | Spider:4 | Lost mutation: You sometimes lose your temper in combat.
                  | [potion of mutation]
 32256 | Spider:4 | Gained mutation: You are frail. (-10% HP) [potion of
                  | mutation]
 32256 | Spider:4 | Gained mutation: You are somewhat resistant to further
                  | mutation. [potion of mutation]
 32563 | Vaults:1 | Entered Level 1 of the Vaults
 32653 | Vaults:1 | Found a magical portal.
 32662 | WizLab   | Entered Doroklohe's Tomb
 32940 | WizLab   | Noticed an ancient lich
 32953 | WizLab   | Killed an ancient lich
 34165 | Vaults:1 | Reached XP level 19. HP: 86/165 MP: 18/18
 35465 | Vaults:2 | Noticed a bone dragon
 35485 | Vaults:2 | Killed a bone dragon
 35640 | Vaults:2 | Found a staircase to the Crypt.
 37309 | Vaults:3 | You fall into a shaft and drop 1 floor!
 38348 | Vaults:3 | Reached XP level 20. HP: 143/175 MP: 19/19
 40652 | Vaults:4 | Identified the +3 scale mail "Docei" {Drain rPois rC+++
                  | MP-9}
 41363 | Vaults:4 | Identified a scroll of acquirement
 41364 | Vaults:4 | Acquired the +2 hat of Leapfrog {rCorr Int+3 Dex+4}
 41702 | Elf:1    | Entered Level 1 of the Elven Halls
 41750 | Elf:1    | Paralysed by an air elemental for 1 turns
 41890 | Elf:1    | Identified the +3 halberd "Haischakh" {freeze, Dex+7}
 41903 | Elf:1    | Found a runed translucent gate.
 41903 | Elf:1    | Found a runed translucent gate.
 41903 | Elf:1    | Found a runed translucent gate.
 41903 | Elf:1    | Found a runed translucent gate.
 41903 | Elf:1    | Found a runed translucent gate.
 41905 | Elf:1    | Found a runed translucent gate.
 42029 | Elf:1    | Found Neutyli's Weapon Shop.
 42126 | Elf:1    | Found Wypeid's Jewellery Shoppe.
 42166 | Elf:1    | Found Woluhuz's Jewellery Shoppe.
 43196 | Elf:2    | Found a huge runed translucent gate.
 43196 | Elf:2    | Found a huge runed translucent gate.
 43196 | Elf:2    | Found a huge runed translucent gate.
 43196 | Elf:2    | Found a huge runed translucent gate.
 43196 | Elf:2    | Found a huge runed translucent gate.
 43356 | Elf:2    | Noticed Saint Roka
 43382 | Elf:2    | Killed Saint Roka
 43651 | Elf:2    | Reached XP level 21. HP: 185/185 MP: 11/20
 44687 | Elf:3    | Entered Level 3 of the Elven Halls
 45640 | Elf:3    | Identified the +6 double sword of the Ecumenical Temple
                  | {heavy, *Slow rN+++ Stlth+}
 46377 | Elf:3    | Identified the +5 morningstar of Gozag's Whim {distort,
                  | Drain Str+3 Int+4 SInv}
 46377 | Elf:3    | Identified the ring of Mysticism {Contam rElec rF+ Will+
                  | EV+5}
 46384 | Elf:3    | Identified the +2 rapier "Ultimatum" {flame, rElec rC+
                  | Str-5 Dex+3}
 46616 | Elf:3    | Identified the +7 broad axe of the Big Fish {holy, Stlth+}
 46691 | Elf:3    | Identified the +1 chain mail of Slovenliness {rCorr}
 46735 | Elf:3    | Identified the ring "Woibb" {+Blink Fly rPois Int+4 Dex-2}
 46897 | Elf:3    | Identified the +1 scale mail of the Lotus Blossom {Harm
                  | Will+}
 46920 | Elf:3    | Identified the +0 helmet of Hairiness {Str+4 Stlth+}
 47282 | D:11     | Bought a scroll of enchant armour for 120 gold pieces
 47282 | D:11     | Bought a scroll of teleportation for 48 gold pieces
 47282 | D:11     | Bought a scroll of enchant weapon for 120 gold pieces
 47282 | D:11     | Bought a scroll of poison for 64 gold pieces
 47282 | D:11     | Bought a scroll of enchant weapon for 120 gold pieces
 47484 | Crypt:1  | Entered Level 1 of the Crypt
 48773 | Crypt:1  | Noticed an ancient lich
 49358 | Crypt:1  | Killed an ancient lich
 49674 | Crypt:1  | Paralysed by a vampire knight for 4 turns
 50176 | Crypt:2  | Reached XP level 22. HP: 189/193 MP: 12/21
 50345 | Crypt:2  | Noticed Xtahua
 50359 | Crypt:2  | Killed Xtahua
 51074 | Crypt:3  | Entered Level 3 of the Crypt
 51310 | Crypt:2  | Paralysed by something for 2 turns
 52067 | Crypt:3  | Found a staircase to the Tomb.
 52189 | Crypt:3  | Reached skill level 10 in Evocations
 52940 | Crypt:3  | Identified the +4 scale mail of the Present {Contam Will++}
 53095 | Crypt:3  | Identified the +10 arbalest "Xib Curef" {elec, rPois}
 53118 | Crypt:3  | Identified the +3 scale mail of the Trombone {rF+ Dex+5}
 53227 | Crypt:3  | Found the +6 Majin-Bo {spellvamp, MP+6 Int+6}
 53708 | D:15     | Killed Rupert
 53750 | Depths:1 | Entered Level 1 of the Depths
 54394 | D:11     | Bought an amulet of the Tempest {Faith rPois rC+} for 1047
                  | gold pieces
 55357 | Depths:1 | Found Geg Rykk's Magic Scroll Boutique.
 55365 | Depths:1 | Bought a scroll of magic mapping for 127 gold pieces
 55379 | Depths:1 | Found a one-way gate to the infinite horrors of the Abyss.
 55419 | Depths:1 | Found a gateway to Hell.
 55596 | Depths:1 | Found a sparkling altar of Nemelex Xobeh.
 55676 | Depths:1 | Reached XP level 23. HP: 200/200 MP: 22/22
 55837 | Depths:2 | Found a one-way gateway to a ziggurat.
 56067 | Depths:2 | Identified the +5 rapier of Coila {antimagic, Dex+2 Stlth+}
 56175 | Depths:2 | Found a glowing golden altar of the Shining One.
 56355 | Depths:2 | Found a one-way gate leading to the halls of Pandemonium.
 57385 | Depths:3 | Found a portal to a secret trove of treasure.
 57461 | Depths:3 | You fall into a shaft and drop 1 floor!
 57461 | Depths:4 | Entered Level 4 of the Depths
 57713 | Depths:3 | Paralysed by a floating eye for 3 turns
 57953 | Depths:3 | Found Sasautzu's Antique Weapon Shoppe.
 58076 | Depths:4 | Noticed the Enchantress
 58089 | Depths:4 | Killed the Enchantress
 58724 | Depths:4 | Reached XP level 24. HP: 209/209 MP: 22/22
 58894 | Depths:4 | Found a gate to the Realm of Zot.
 59667 | Vaults:5 | Entered Level 5 of the Vaults
 60169 | Vaults:5 | Noticed an ancient lich
 60188 | Vaults:5 | Killed an ancient lich
 60495 | Vaults:5 | Found the +5 robe of Night {Dark Will+ SInv}
 60621 | Vaults:5 | Got a silver rune of Zot
 60958 | Vaults:5 | Identified the +9 flail of Peril {speed, rPois Dex+2}
 60988 | Vaults:5 | Identified the +8 scimitar of Cheibriados's Grace {pain,
                  | Str+5 Int-3}
 61093 | Vaults:5 | Noticed an ancient lich
 61103 | Vaults:5 | Killed an ancient lich
 61213 | Vaults:5 | Identified the +4 battleaxe of the Water Diviner
                  | {antimagic, rF+ rCorr}
 61216 | Vaults:5 | Identified the +5 whip of Courage {venom, rC- Dex+7 Stlth+}
 61379 | Vaults:5 | Noticed a dread lich
 61388 | Vaults:5 | Killed a dread lich
 61790 | Zot:1    | Entered Level 1 of the Realm of Zot
 62155 | Zot:1    | Found Daicur's Changing Room.
 62369 | Zot:1    | Reached XP level 25. HP: 132/218 MP: 22/22
 63205 | Zot:2    | Noticed an orb of fire
 63304 | Zot:3    | Noticed a Killer Klown
 63304 | Zot:3    | Noticed a dread lich
 63310 | Zot:3    | Killed a Killer Klown
 63311 | Zot:3    | Noticed an orb of fire
 63626 | Zot:3    | Killed a dread lich
 63662 | Zot:3    | HP: 21/220 [??? (18)]
 64588 | Zot:4    | Noticed an orb of fire
 64613 | Zot:4    | Killed an orb of fire
 64674 | Zot:5    | Entered Level 5 of the Realm of Zot
 64776 | Zot:5    | Noticed a Killer Klown
 64784 | Zot:5    | Killed a Killer Klown
 64915 | Zot:5    | Found a transporter.
 65446 | Zot:5    | Noticed an orb of fire
 65463 | Zot:5    | Killed an orb of fire
 65464 | Zot:5    | Reached XP level 26. HP: 228/228 MP: 22/22
 65540 | Zot:5    | Noticed an orb of fire
 65555 | Zot:5    | Killed an orb of fire
 65761 | Zot:5    | Noticed an ancient lich
 65764 | Zot:5    | Noticed an orb of fire
 65780 | Zot:5    | Killed an orb of fire
 65788 | Zot:5    | Killed an ancient lich
 65800 | Zot:5    | Noticed an ancient lich
 65803 | Zot:5    | Noticed a dread lich
 65818 | Zot:5    | Noticed a dread lich
 65820 | Zot:5    | Killed an ancient lich
 65825 | Zot:5    | Killed a dread lich
 65834 | Zot:5    | Killed a dread lich
 66411 | Zot:5    | Got the Orb of Zot
 67055 | D:$      | Escaped with the Orb!

Illustrated notes

Levels and vault maps discovered:
D:1:      dpeg_arrival_connections, layout_loops_corners
D:2:      layout_basic, shapermc_ecumenical_altar_mp_vishouse, serial_bayou,
          serial_bayou_pond_e, serial_bayou_pond_e, serial_bayou_ford_a,
          serial_bayou_lagoon_a
D:3:      layout_loops_ring, mainiacjoe_overflow_tiny_flanked,
          gup_sewer_entry_bowl, uniq_grinder, uniq_ijyb
D:4:      layout_cave_pools, serial_column_ruins, column_ruins_hut,
          column_ruins_hut, column_ruins_columns_corner,
          column_ruins_open_small, column_ruins_open_tiny,
          column_ruins_open_tiny, column_ruins_grid_1, nicolae_elemental_shop,
          nicolae_wormholes, uniq_blork_the_orc
D:5:      layout_loops_corners, lemuel_tele_altar, minmay_temple_entry_mist,
          reono_crystal_passage
D:6:      layout_basic, mainiacjoe_overflow_24_doors, kennysheep_mini_moat,
          uniq_duvessa, uniq_menkaure
D:7:      nicolae_cairo_tiling_large_dashed, layout_basic, serial_corexii_hall,
          corexii_hall_statues_t, corexii_hall_statues_l,
          gup_ossuary_entry_pyramid, uniq_crazy_yiuf_cottage, uniq_joseph
D:8:      layout_loops_corners, yredelemnul_altar_generic,
          amcnicky_altar_gilded, nicolae_overflow_crystal_walls,
          dk_xom_monty_hall, ebering_ghost_inner_flame
D:9:      layout_loops_cross, serial_rivers, chequers_serial_rivers_micro_d,
          chequers_serial_rivers_large_b, chequers_serial_rivers_small_b,
          chequers_serial_rivers_room_a, chequers_serial_rivers_room_a,
          grunt_ministairs_3, minmay_misc_feat_rugged, fountainhead,
          corexii_hall_statues_x
D:10:     layout_cave_pools, dpeg_oklobed_lair, nicolae_shop_i_like_big_books,
          st_stairs_13, hex_tiny, minmay_misc_feat_four_crosses
D:11:     layout_irregular_city, serial_shops, nicolae_square_shop, shop,
          nicolae_shop_statue_plus, shop, shop_statue,
          portal_ice_cave_entry_pillars_2, nicolae_dithmenos_the_darkroom,
          uniq_urug
D:12:     layout_roguey, hiddenorc1_lemuel, minmay_misc_feat_diagonals,
          grunt_decor_cap, minmay_tree_intersection
D:13:     layout_loops_corners, hangedman_decor_riveting, abandoned_shop,
          hangedman_fish_farm
D:14:     layout_cave_pools, david_vaults_1, serial_shops,
          nicolae_shop_hallway_plus, nicolae_figureground_sparkle
D:15:     grunt_enter_depths_magical_seal, layout_irregular_city,
          grunt_decor_mini_mirrors, uniq_rupert
Lair:1:   layout_loops_ring
Lair:2:   layout_small_grid, minmay_swamp_entry_worms,
          nicolae_lair_grazing_beasts [nicolae_sub_lair_graze_edge,
          nicolae_sub_lair_graze_edge, nicolae_sub_lair_graze_edge,
          nicolae_sub_lair_graze_edge], uniq_gastronok
Lair:3:   layout_gridlike, nicolae_spider_entry_orb_guardian, uniq_nessos,
          uniq_amaemon
Lair:4:   layout_regular_city, minmay_lair_oklob_items
Lair:5:   grunt_lair_end_beastmaster, layout_long_grid,
          minmay_slime_entry_oklob_open, grunt_megastairs_2
Swamp:1:  layout_basic_swamp, gammafunk_ghost_necromancy,
          hangedman_swamp_diagram, infiniplex_staircase_pool_2
Swamp:2:  layout_basic_swamp, evilmike_swamp_ruin_rubble_2, swamp_pool5,
          nicolae_swamp_snake_nest, infiniplex_staircase_pool
Swamp:3:  layout_basic_swamp, hangedman_swamp_ruin_wall, swamp_pool5,
          nicolae_swamp_little_swirl, uniq_bai_suzhen
Swamp:4:  swamp_basic_johnstein, layout_basic_swamp
Spider:1: layout_cave_pods
Spider:2: nicolae_spider_hilbert_zone_3 [nicolae_spider_hilbert_4_sides_2_open,
          nicolae_spider_hilbert_3_sides_1_open,
          nicolae_spider_hilbert_3_sides_1_open,
          nicolae_spider_hilbert_3_sides_1_open,
          nicolae_spider_hilbert_3_sides_1_open,
          nicolae_spider_hilbert_4_sides_1_open,
          nicolae_spider_hilbert_4_sides_1_open,
          nicolae_spider_hilbert_4_sides_1_open,
          nicolae_spider_hilbert_4_sides_1_open,
          nicolae_spider_hilbert_4_sides_1_open,
          nicolae_spider_hilbert_4_sides_1_open,
          nicolae_spider_hilbert_4_sides_1_open,
          nicolae_spider_hilbert_4_sides_1_open,
          nicolae_spider_hilbert_3_sides_1_open,
          nicolae_spider_hilbert_3_sides_1_open,
          nicolae_spider_hilbert_3_sides_1_open,
          nicolae_spider_hilbert_3_sides_1_open], nicolae_spider_claw_tunnel,
          uniq_arachne
Spider:3: layout_cave_pods, ebering_ghost_reflecting_pool, drop_trap,
          nicolae_spider_nook
Spider:4: hellmonk_spider_rune_bug_friends, special_room [special_room_bee],
          nicolae_spider_scorpion_nest
Orc:1:    layout_diamond_mine, special_room [special_room_orc],
          nooodl_orcs_dogs, uniq_harold
Orc:2:    st_orc_town, layout_caves, minmay_orc_treasury, uniq_donald,
          uniq_azrael, uniq_snorg
Elf:1:    nicolae_elf_arrival_fired_up, layout_loops_cross, serial_shops,
          nicolae_shop_trees, nicolae_shop_hallway_stairs, shop, orc_legates
Elf:2:    elven_hall_of_blades_hangedman_alternative [nicolae_blade_bullseye],
          layout_gridlike, uniq_saint_roka
Elf:3:    minmay_elf_hall_furrowed, layout_geoelf_grid, special_room
          [special_room_orc]
Vaults:1: mu_enter_wizlab_4, nicolae_vaults_an_arrangement, v_misc_1,
          hangedman_vaults_stretched_pinwheel, vaults_room_door_hall,
          vaults_room_semicircle, vaults_mumra_lcd, vaults_room_stairs_pillars,
          layout_vaults_omnigrid
Vaults:2: v_alt_pattern_2, ontoclasm_vaults_claustrophobia,
          minmay_crypt_entry_nasty_monster, kb_rosetta, ontoclasm_vaults_spin,
          v_misc_11, nicolae_vaults_big_angled_halls, v_misc_5, v_alt_pattern_5,
          ontoclasm_vaults_gateway, vaults_dpeg_diagonal,
          vaults_dpeg_emergency_exit, layout_vaults_maze_snakey, serial_glass
Vaults:3: vaults_mumra_chevron_long, v_pattern_1,
          nicolae_vaults_windows_and_doors_thing,
          nicolae_vaults_little_squares_5, ontoclasm_vaults_bender,
          dpeg_vaults_monster_box, ontoclasm_vaults_ligature,
          layout_vaults_omnicross
Vaults:4: st_cross, vaults_room_octagon, nicolae_vaults_asterisk,
          ontoclasm_vaults_chip, hangedman_vaults_locks,
          vaults_room_fancy_cross, nicolae_vaults_little_squares_6,
          ontoclasm_vaults_ring_square, vaults_room_pool,
          nicolae_vaults_network_quinsquares
          [nicolae_vaults_network_quincunx_subvault,
          nicolae_vaults_network_quincunx_subvault,
          nicolae_vaults_network_quincunx_subvault,
          nicolae_vaults_network_quincunx_subvault],
          nicolae_vaults_disjoint_gnomons, hangedman_vaults_impose,
          vaults_dpeg_ring, v_misc_27, vaults_room_octagon, vaults_dpeg_cross,
          nicolae_vaults_little_squares_3, layout_vaults_omnibox
Vaults:5
Crypt:1:  layout_catacombs, nicolae_crypt_crumbling_hall
Crypt:2:  layout_gridlike, uniq_xtahua
Crypt:3:  due_elkab, layout_chaotic_city, tomb_entry_forgotten_bobbens
Depths:1: layout_big_octagon, corexii_corridor_pit, abyss_entry, serial_shops,
          shop, hangedman_tar_grid_catacomb, nemelex_diamond_rough_becter,
          infiniplex_staircase_pool_lava
Depths:2: minmay_bloctagon, layout_cave_pools, enter_ziggurat_e,
          lightli_too_deep, serial_bayou_shore_a, rand_demon_pan_entry_3,
          hangedman_abyss_or_decor_clamps, tso_oasis_becter
Depths:3: nooodl_heptagram, layout_gridlike, serial_shops, shop, pan_entry,
          abyss_entry_glasseish, nicolae_trove_entry_path_of_doom, hell_entry,
          skrybe_limestone_x, nicolae_burly_brawl
Depths:4: grunt_zot_entry_bicorn, layout_basic, hellmouth_1,
          minmay_misc_feat_room, uniq_enchantress
Zot:1:    layout_gridlike, grunt_ministairs_1, nicolae_transmutations_shop,
          drop_trap, st_single_dragon_hoard_2, grunt_megastairs_3
Zot:2:    layout_gridville, uniq_tiamat
Zot:3:    hangedman_zot_vaults_quadrants, layout_onion_interference,
          st_stairs_8, zot_minivault_2
Zot:4:    layout_gridlike
Zot:5:    layout_concentric_octagons, nicolae_diode_basic

Skill      XL: |  1  2  3  4  5  6  7  8  9 10 11 12 13 14 15 16 17 18 19 20 21 22 23 24 25 26 |
---------------+-------------------------------------------------------------------------------+-----
Long Blades    | 4 5 6 7 8 9 12 14 15 16 17 19 20 21 24 | 24.0
Armour         | 2 3 4 7 9 10 11 13 16 18 19 20 22 23 24 25 | 25.1
Fighting       | 3 4 5 6 8 10 12 13 15 17 18 19 20 21 22 23 24 25 | 25.1
Dodging        | 4 5 6 8 9 11 15 16 17 18 20 21 22 23 24 | 24.9
Evocations     | 5 8 9 11 14 | 14.0
Shields        | 5 11 15 17 18 19 22 23 24 25 | 25.1
Throwing       | |  2.2

Action                     |  1- 3 |  4- 6 |  7- 9 | 10-12 | 13-15 | 16-18 | 19-21 | 22-24 | 25-27 || total
---------------------------+-------+-------+-------+-------+-------+-------+-------+-------+-------++-------
  Melee: Long sword        |    68 |    63 |    97 |    47 |       |       |       |       |       ||   275
         Headbutt          |     8 |    16 |    88 |   165 |   253 |   452 |   568 |   633 |   332 ||  2515
         Punch             |       |     1 |     3 |     6 |     3 |       |       |       |       ||    13
         Dagger            |       |    11 |   288 |   293 |       |       |       |       |       ||   592
         Scimitar          |       |       |       |   210 |   993 |  1726 |  1243 |       |       ||  4172
         Double sword      |       |       |       |       |       |       |   653 |  1965 |   919 ||  3537
  Throw: Throwing net      |       |     3 |     3 |       |       |       |       |       |       ||     6
         Dart              |       |     2 |     8 |     9 |     2 |       |       |       |       ||    21
         Javelin           |       |       |       |       |     6 |       |     3 |     4 |       ||    13
 Invoke: Serpent's Lash    |       |       |       |     4 |     7 |     7 |       |     1 |       ||    19
         Heavenly Storm    |       |       |       |     1 |     2 |     9 |     7 |     5 |     3 ||    27
Ability: Lunge             |       |     3 |    15 |    31 |    76 |    82 |   129 |    79 |    38 ||   453
         Whirlwind         |       |       |     4 |    35 |   108 |   368 |   363 |   237 |   253 ||  1368
         Wall Jump         |       |       |       |     7 |    13 |    46 |    18 |    37 |    12 ||   133
         Evoke Blink       |       |       |       |       |       |     2 |     1 |     1 |       ||     4
         Evoke Invisibilit |       |       |       |       |       |       |     1 |       |       ||     1
  Evoke: Wand              |       |       |     7 |     4 |     5 |    14 |     1 |     1 |     5 ||    37
         Box of beasts     |       |       |       |       |       |     3 |     1 |     1 |       ||     5
         Tin of tremorston |       |       |       |       |       |     4 |     6 |     4 |     6 ||    20
         Phial of floods   |       |       |       |       |       |       |     4 |     1 |     2 ||     7
         Lightning rod     |       |       |       |       |       |       |     6 |     6 |     4 ||    16
         Condenser vane    |       |       |       |       |       |       |       |     4 |     3 ||     7
         Phantom mirror    |       |       |       |       |       |       |       |     1 |       ||     1
    Use: Potion            |       |     6 |     2 |     4 |     5 |    20 |     2 |     4 |    12 ||    55
         Scroll            |       |     5 |    11 |     8 |    12 |    12 |    16 |     7 |     8 ||    79
   Stab: Held in net/web   |       |     1 |     2 |       |       |       |       |       |       ||     3
         Paralysed         |       |       |     2 |       |       |       |     4 |     2 |       ||     8
         Distracted        |       |       |       |     3 |     1 |       |       |     4 |     1 ||     9
         Invisible         |       |       |       |     4 |     4 |       |     2 |       |       ||    10
         Sleeping          |       |       |       |     3 |     2 |       |       |     6 |     1 ||    12
 Armour: Leather armour    |    12 |       |    22 |    69 |    57 |       |       |       |       ||   160
         Scale mail        |       |    19 |    54 |       |       |       |   155 |   319 |    83 ||   630
         Skin              |       |       |    19 |       |       |       |       |       |       ||    19
         Chain mail        |       |       |       |       |   143 |   477 |   270 |       |       ||   890
  Dodge: Dodged            |    49 |    31 |   196 |   323 |   586 |  1316 |   725 |  1093 |   477 ||  4796
  Block: Buckler           |       |       |       |       |    80 |       |       |       |       ||    80
         Kite shield       |       |       |       |       |   108 |  1144 |   519 |       |       ||  1771
         Tower shield      |       |       |       |       |       |       |   680 |  2000 |   759 ||  3439

Table legend: (Time is in decaauts)
 A = Elapsed time spent in this place.
 B = Non-inter-level travel time spent in this place.
 C = Inter-level travel time spent in this place.
 D = Time resting spent in this place.
 E = Time spent auto-exploring this place.
 F = Levels seen in this place.
 G = Mean time per level.
                   A        B        C        D        E       F      G
               +--------+--------+--------+--------+--------+-----+--------+
         Total |  67479 |  58072 |   9407 |   7524 |  36958 |  55 | 1226.9 |
       Dungeon |  15715 |  12318 |   3397 |    647 |   8918 |  15 | 1047.7 |
          Lair |   6040 |   5085 |    955 |    228 |   3883 |   5 | 1208.0 |
         Swamp |   4479 |   3973 |    506 |    590 |   2476 |   4 | 1119.8 |
   Spider Nest |   6509 |   5914 |    595 |    834 |   3857 |   4 | 1627.2 |
  Orcish Mines |   2465 |   1863 |    602 |     87 |   1233 |   2 | 1232.5 |
   Elven Halls |   5064 |   4376 |    688 |    610 |   2789 |   3 | 1688.0 |
        Vaults |  11260 |   9640 |   1620 |   2131 |   5412 |   5 | 2252.0 |
         Crypt |   5407 |   5115 |    292 |    432 |   3526 |   3 | 1802.3 |
        Depths |   4669 |   4311 |    358 |    150 |   3094 |   4 | 1167.2 |
           Zot |   4740 |   4348 |    392 |   1631 |   1244 |   5 |  948.0 |
         Abyss |     89 |     89 |      0 |      0 |      0 |   1 |   89.0 |
         Sewer |    142 |    142 |      0 |      0 |    112 |   1 |  142.0 |
       Ossuary |    214 |    214 |      0 |      0 |    121 |   1 |  214.0 |
      Ice Cave |      3 |      3 |      0 |      0 |      0 |   1 |    3.0 |
        Wizlab |    674 |    674 |      0 |    182 |    288 |   1 |  674.0 |
               +--------+--------+--------+--------+--------+-----+--------+

Top non-repeatable levels by time:
Vaults:4: 3043 daAuts
Vaults:2: 2917 daAuts
   Elf:3: 2343 daAuts
Spider:3: 2168 daAuts
Spider:2: 2052 daAuts
 Crypt:1: 1975 daAuts
 Crypt:3: 1966 daAuts
    D:12: 1939 daAuts
 Swamp:4: 1912 daAuts
Vaults:1: 1819 daAuts
Vaults:3: 1819 daAuts
   Zot:5: 1794 daAuts
Vaults:5: 1661 daAuts
  Lair:3: 1562 daAuts
   Orc:2: 1549 daAuts
